 Dungeon Crawl Stone Soup version 0.27.0-1-g7a08968 (webtiles) character file.

Game seed: 7697518405992519431

1378 Host24 the Quickloader (level 8, -3/51 HPs)
             Began as a Kobold Hunter on Jan 25, 2022.
             Slain by Duvessa (13 damage)
             ... on level 5 of the Dungeon.
             The game lasted 00:26:46 (7817 turns).

Host24 the Quickloader (Kobold Hunter)              Turns: 7817, Time: 00:26:46

Health: -3/51      AC:  7    Str: 10    XL:     8   Next: 98%
Magic:  8/8        EV: 17    Int: 13    God:
Gold:   259        SH:  0    Dex: 16    Spells: 7/7 levels left

rFire    + . .     SeeInvis .   v - +5 hunting sling "Ofir" {venom, *Slow rElec rC- rN+++}
rCold    x . .     Faith    .   (shield restricted)
rNeg     + + +     Spirit   .   x - +1 robe {rF+}
rPois    .         Reflect  .   o - +0 helmet
rElec    +         Harm     .   E - +1 cloak
rCorr    .         Rampage  .   (no gloves)
Will     .....                  y - +0 pair of boots
Stlth    +++.......             (no amulet)
HPRegen  0.17/turn              (no ring)
MPRegen  0.11/turn              (no ring)

@: no status effects
A: small, no large weapons, nightstalker 3
a: no special abilities


You were on level 5 of the Dungeon.
You visited 1 branch of the dungeon, and saw 5 of its levels.

You collected 259 gold pieces.

Inventory:

Hand Weapons
 a - a +2 hand crossbow of venom
 b - a +0 short sword
 l - a +1 dagger of holy wrath
 r - a +0 spear of venom
 v - the +5 hunting sling "Ofir" (weapon) {venom, *Slow rElec rC- rN+++}
   (You found it on level 4 of the Dungeon)

   Any ammunition fired from it poisons the flesh of those it strikes.
   rC:        It makes you vulnerable to cold.
   rElec:     It insulates you from electricity.
   rN:        It renders you almost immune to negative energy.
   *Slow:     It may slow you when you take damage.
 A - a +0 dagger of speed
 C - a +1 whip of electrocution
Missiles
 c - 5 sling bullets (quivered ammo)
 d - 51 bolts
 q - 9 boomerangs
 z - 11 poisoned darts
 B - 68 stones
Armour
 o - a +0 helmet (worn)
 x - a +1 robe of fire resistance (worn)
 y - a +0 pair of boots (worn)
 E - a +1 cloak (worn)
Jewellery
 j - an amulet of faith
 k - a ring of magical power
Scrolls
 e - a scroll of summoning {unknown}
 h - 3 scrolls of identify
 m - 3 scrolls of enchant armour
 t - a scroll of magic mapping {unknown}
 w - a scroll of teleportation {unknown}
Potions
 g - a potion of berserk rage {unknown}
 n - a potion of degeneration {unknown}
 s - a potion of flight {unknown}
 u - a potion of brilliance {unknown}
 D - a potion of resistance {unknown}


   Skills:
 - Level 6.1 Fighting
 - Level 1.1 Slings
 - Level 9.0 Crossbows
 - Level 2.0 Armour
 - Level 6.2 Dodging
 + Level 3.4 Stealth


You had 7 spell levels left.
You didn't know any spells.
Your spell library contained the following spells:

 Spells                   Type           Power      Damage    Failure   Level
 Shock                    Conj/Air       0%         1d3       30%         1
 Sublimation of Blood     Necr           0%         N/A       43%         2
 Wereblood                Tmut           0%         N/A       43%         2
 Conjure Flame            Conj/Fire      0%         6-21      67%         3
 Ignite Poison            Fire/Tmut/Pois 0%         N/A       67%         3
 Swiftness                Air            0%         N/A       67%         3
 Airstrike                Air            0%         N/A       97%         4
 Sticky Flame             Conj/Fire      0%         2d3       97%         4
 Summon Hydra             Summ           0%         N/A       100%        7


Dungeon Overview and Level Annotations

Branches:
Dungeon (5/15)
 Temple: D:4-7

Altars:
Ru
Vehumet
Yredelemnul

Shops:
D:3 [([

Annotations:
D:2 Edmund
D:5 Duvessa


Innate Abilities, Weirdness & Mutations

You are small and have problems with some larger weapons.
You are completely attuned to the shadows.


Message History

Duvessa misses you. Duvessa completely misses you.
Fire: 9 sling bullets
Press: ? - help, Q - select action, (/) - cycle Shift-Dir - straight line, f/p - Duvessa
Aim: Duvessa, wielding a +0 short sword and wearing a +0 leather armour (heavily wounded, berserk, very poisoned, 71% to hit)
You shoot a sling bullet. The sling bullet barely misses Duvessa.
Duvessa misses you.
Fire: 8 sling bullets
Press: ? - help, Q - select action, (/) - cycle Shift-Dir - straight line, f/p - Duvessa
Aim: Duvessa, wielding a +0 short sword and wearing a +0 leather armour (heavily wounded, berserk, very poisoned, 71% to hit)
You shoot a sling bullet. The sling bullet hits Duvessa.
Duvessa is severely wounded.
Duvessa hits you with a +0 short sword. Duvessa closely misses you.
Fire: 7 sling bullets
Press: ? - help, Q - select action, (/) - cycle Shift-Dir - straight line, f/p - Duvessa
Aim: Duvessa, wielding a +0 short sword and wearing a +0 leather armour (severely wounded, berserk, very poisoned, 71% to hit)
You shoot a sling bullet. The sling bullet barely misses Duvessa.
Duvessa misses you.
Fire: 6 sling bullets
Press: ? - help, Q - select action, (/) - cycle Shift-Dir - straight line, f/p - Duvessa
Aim: Duvessa, wielding a +0 short sword and wearing a +0 leather armour (severely wounded, berserk, very poisoned, 71% to hit)
You shoot a sling bullet. The sling bullet barely misses Duvessa.
Duvessa closely misses you. Duvessa hits you with a +0 short sword!
It was a potion of curing.
You feel better. Duvessa hits you with a +0 short sword!
Duvessa hits you but does no damage.
You feel better. Duvessa hits you with a +0 short sword!
* * * LOW HITPOINT WARNING * * *
You feel better. Duvessa hits you with a +0 short sword.
Duvessa closely misses you.
Okay, then.
As you read the scroll labelled ASAPOXKEAHUO, it crumbles to dust.
It is a scroll of enchant weapon.
Your +1 hand crossbow glows red for a moment.
Duvessa hits you with a +0 short sword!
* * * LOW HITPOINT WARNING * * *
As you read the scroll labelled BUSUKUPRAU, it crumbles to dust.
It is a scroll of brand weapon.
Your +2 hand crossbow drips with poison.
a - a +2 hand crossbow of venom Duvessa hits you but does no damage.
Duvessa hits you with a +0 short sword!
You die...

###.### # .....
.### .e. ....
#.# .... #.#
#### ##.## #
######...## #
#####.e()([..[..
#
#....@####...###
# #.##### ##.##
#..ยง #.# #.#
..). #.# .# ....
#.# ..h. #.#
...... #.# #. #
#.###### #. #
#.##.... ##.## #


You could see Duvessa (berserk, very poisoned).

Vanquished Creatures
  An orc warrior (D:5)
  A sky beast (D:5)
  A black bear (D:5)
  2 ogres (D:5)
  A phantom (D:5)
  A kobold brigand (D:5)
  A scorpion (D:5)
  A gnoll sergeant (D:5)
  2 water moccasin zombies (D:5)
  Dowan (D:5)
  A howler monkey (D:5)
  A bullfrog zombie (D:5)
  A centaur zombie (D:5)
  2 hounds (D:5)
  Jessica (D:3)
  An iguana (D:5)
  A hound skeleton (D:4)
  Robin (D:3)
  6 gnolls
  9 adders
  3 worms
  2 dart slugs
  4 orcs
  8 bats
  6 endoplasms
  5 giant cockroaches
  12 goblins
  10 hobgoblins
  12 jackals
  12 kobolds
  5 quokkas
  9 ball pythons
  3 frilled lizards
  4 rats
  A spectral orc (D:3)
132 creatures vanquished.

Notes
Turn   | Place    | Note
-------+----------+-------------------------------------------
     0 | D:1      | Host24 the Kobold Hunter began the quest for the Orb.
     0 | D:1      | Reached XP level 1. HP: 12/12 MP: 1/1
    61 | D:1      | Reached skill level 5 in Crossbows
   117 | D:1      | Reached XP level 2. HP: 8/17 MP: 2/2
   698 | D:1      | Reached XP level 3. HP: 10/22 MP: 3/3
  1675 | D:2      | Reached XP level 4. HP: 28/28 MP: 4/4
  1767 | D:2      | Reached skill level 6 in Crossbows
  2420 | D:2      | Reached XP level 5. HP: 32/32 MP: 5/5
  2904 | D:2      | Found a faded altar of an unknown god.
  3071 | D:3      | Noticed Robin
  3670 | D:3      | Found Tuaz's Antique Weapon Shop.
  3760 | D:3      | Found Osinopi's Antique Armour Emporium.
  3999 | D:3      | Reached skill level 7 in Crossbows
  4402 | D:3      | Found Recareegg's Antique Armour Shop.
  4420 | D:3      | Reached skill level 1 in Armour
  4980 | D:3      | Found a basalt altar of Yredelemnul.
  4980 | D:3      | Noticed Jessica
  5000 | D:3      | Killed Jessica
  5001 | D:3      | Reached XP level 6. HP: 24/37 MP: 6/6
  5137 | D:3      | Killed Robin
  5299 | D:3      | Found a radiant altar of Vehumet.
  5355 | D:4      | Noticed an ice beast
  5884 | D:4      | Noticed an ogre
  6178 | D:4      | Noticed Edmund
  6568 | D:4      | Identified the +5 hunting sling "Ofir" {venom, *Slow rElec
                  | rC- rN+++}
  6735 | D:5      | Entered Level 5 of the Dungeon
  6798 | D:5      | Reached skill level 1 in Slings
  6798 | D:5      | Reached XP level 7. HP: 36/43 MP: 7/7
  6970 | D:5      | Found a sacrificial altar of Ru.
  7003 | D:5      | Reached skill level 5 in Fighting
  7177 | D:5      | Reached XP level 8. HP: 51/51 MP: 8/8
  7291 | D:5      | Reached skill level 8 in Crossbows
  7321 | D:5      | Reached skill level 9 in Crossbows
  7467 | D:5      | Reached skill level 5 in Dodging
  7795 | D:5      | Noticed Duvessa
  7795 | D:5      | Noticed Dowan
  7807 | D:5      | Killed Dowan
  7817 | D:5      | Slain by Duvessa

Illustrated notes

Levels and vault maps discovered:
D:1:      dpeg_arrival_tiny_j, layout_rooms, serial_rivers,
          chequers_serial_rivers_small_b, chequers_serial_rivers_micro_b,
          chequers_serial_rivers_small_b, chequers_serial_rivers_large_b
D:2:      layout_basic, hellmonk_ecumenical_altar_inner_sanctum,
          hangedman_feature_mirror, kennysheep_generic_room_11
D:3:      layout_rooms, yredelemnul_forgotten_temple_becter, lemuel_tele_altar,
          serial_shops, nicolae_shop_behind_doors, nicolae_shop_stone,
          shop_statue, uniq_robin, uniq_jessica
D:4:      layout_basic, uniq_edmund
D:5:      minmay_chambers_of_fours, layout_loops_ring, marbit_many_paths,
          mainiacjoe_overflow_alcove_4, uniq_duvessa

Skill      XL: |  1  2  3  4  5  6  7  8 |
---------------+-------------------------+-----
Crossbows      | 5 6 7 9 |  9.0
Dodging        | 3 6 |  6.2
Fighting       | 3 4 6 |  6.1
Armour         | 1 2 |  2.0
Stealth        | 2 3 |  3.4
Slings         | 1 |  1.1

Action                   |  1- 3 |  4- 6 |  7- 9 || total
-------------------------+-------+-------+-------++-------
Melee: Short sword       |    77 |   260 |       ||   337
       Dagger            |       |       |    21 ||    21
       Spear             |       |       |     4 ||     4
 Fire: Hand crossbow     |    18 |    62 |       ||    80
       Hunting sling     |       |    13 |    76 ||    89
  Use: Potion            |       |     1 |     4 ||     5
       Scroll            |       |       |     3 ||     3
 Stab: Sleeping          |    11 |    13 |       ||    24
Armor: Leather armour    |    15 |    73 |       ||    88
       Robe              |       |     1 |    26 ||    27
Dodge: Dodged            |    71 |   285 |    55 ||   411
